AoeStats
← a.l.a.n.t

Black Forest

505099081Analyzed
4v4 RM · 24d ago on Sep 7, 2026· 25m 16s· 8 players
Game mode
Random Map
Map size
Large (8 player)
Population
200
Speed
Normal
Resources
Standard
Victory
Conquest
Starting age
Dark Age
Ending age
Imperial Age
RankedLock teamsTeams togetherTeam positionsShared explorationLock speedFull tech treeHidden civsTurbo modeCheats
Victory
Defeat
🇨🇦 Gurjaras · Canada
1262
+15
🇨🇦 Aztecs · Canada
1261
+15
🇺🇸 Berbers · United States
1219
+17
🇲🇽 Britons · Mexico
1211
+17
🇬🇧 Italians · United Kingdom
1285
-17
🇨🇭 Dravidians · Switzerland
1259
-17
🇪🇸 Goths · Spain
1254
-17
🇬🇧 Chinese · United Kingdom
1161
-13
peona
6:22 Loom
12:03 Feudal Age
15:35 Castle Age
13:33 Double-Bit Axe
13:31 Horse Collar
18:30 Bow Saw
20:58 Fletching
24:34 Bodkin Arrow
25:39 Heavy Plow
zesen
1:44 Loom
12:33 Feudal Age
17:20 Castle Age
15:24 Stone Mining
18:50 Double-Bit Axe
18:59 Gold Mining
19:00 Fletching
Gorozpe28
5:25 Loom
12:18 Feudal Age
16:50 Castle Age
15:38 Stone Mining
15:40 Horse Collar
15:50 Gold Mining
15:51 Double-Bit Axe
17:03 Fletching
17:46 Town Watch
22:40 Sanctity
22:58 Gold Mining
24:43 Fervor
26:18 Wheelbarrow
arzan
4:10 Loom
13:13 Feudal Age
15:33 Horse Collar
18:07 Castle Age
18:48 Double-Bit Axe
23:02 Horse Collar
24:08 Stone Mining
24:36 Town Watch
25:41 Wheelbarrow
Never_Enough
7:25 Loom
11:31 Feudal Age
16:13 Castle Age
15:00 Double-Bit Axe
19:25 Bow Saw
20:48 Stone Mining
20:48 Gold Mining
22:57 Scale Mail Armor
23:41 Fishing Lines
remo.ledermann
0:46 Loom
14:04 Feudal Age
14:29 Double-Bit Axe
21:30 Castle Age
20:15 Padded Archer Armor
20:05 Fletching
a.l.a.n.t
1:00 Loom
13:15 Feudal Age
18:15 Castle Age
16:24 Double-Bit Axe
19:47 Bow Saw
21:45 Horse Collar
Mormegil TBS
0:41 Loom
11:51 Feudal Age
17:31 Castle Age
16:32 Double-Bit Axe
16:28 Horse Collar
20:03 Fletching
21:35 Padded Archer Armor
23:09 Leather Archer Armor
Connection lost

Rejoining the realm…

Still unreachable

The connection could not be restored.

Session expired

The server has moved on; the page needs a fresh start.